 Dungeon Crawl Stone Soup version 0.23.2-40-g277498a001 (webtiles) character file.

Game seed: 10157614610197480627

1002 Amplified the Covered (level 8, -5/64 HPs)
             Began as a Human Wanderer on Sept 26, 2019.
             Splashed by a kobold's acid (10 damage)
             ... on level 4 of the Dungeon.
             The game lasted 00:04:57 (3435 turns).

Amplified the Covered (Human Wanderer)              Turns: 3435, Time: 00:04:58

Health: -5/64      AC:  0    Str: 13    XL:     8   Next: 43%
Magic:  8/8        EV: 26    Int: 15    God:
Gold:   194        SH:  0    Dex: 14    Spells: 7/7 levels left

rFire    + . .     SeeInvis .   b - +3 whip of Doom {elec, +Rage rC++}
rCold    + + .     Gourm    .   (no shield)
rNeg     . . .     Faith    .   v - +1 robe of Mirth {rF+ Dex+2} (curse)
rPois    .         Spirit   .   m - +0 hat
rElec    .         Reflect  .   (no cloak)
rCorr    .         Harm     .   (no gloves)
MR       .....                  (no boots)
Stlth    +.........             g - amulet of the acrobat
HPRegen  0.20/turn              n - +5 ring of slaying
MPRegen  0.11/turn              (no ring)

@: corroded, acrobat
A: no striking features
a: Evoke Berserk Rage


You were on level 4 of the Dungeon.
You were hungry.

You visited 1 branch of the dungeon, and saw 4 of its levels.

You collected 194 gold pieces.

Inventory:

Hand Weapons
 a - a +2 hand crossbow
 b - the +3 whip of Doom (weapon) {elec, +Rage rC++}
   (You found it on level 4 of the Dungeon)

   Occasionally, upon striking a foe, it will discharge some electrical energy
   and cause terrible harm.
   It greatly protects you from cold.
   It lets you go berserk.
 o - a +0 blowgun
Missiles
 h - 6 curare-tipped needles
 q - 30 poisoned needles
 t - 4 bolts
Armour
 m - a +0 hat (worn)
 v - the cursed +1 robe of Mirth (worn) {rF+ Dex+2}
   (You found it on level 4 of the Dungeon)

   It affects your dexterity (+2).
   It protects you from fire.
   It has a curse placed upon it.
Jewellery
 g - an amulet of the acrobat (around neck)
 n - a +5 ring of slaying (left hand)
Wands
 p - a wand of digging (5)
Scrolls
 e - a scroll of blinking {unknown}
 j - 4 scrolls of remove curse
Potions
 i - a potion of flight {unknown}
 k - 3 potions of resistance
 l - a potion of degeneration {unknown}
 r - a potion of heal wounds {unknown}
Comestibles
 f - 7 rations


   Skills:
 * Level 5.8 Fighting
   Level 1.0(2.5) Axes
 * Level 3.7(3.8) Maces & Flails
 - Level 4.5 Crossbows
 - Level 5.8 Armour
   Level 2.0 Shields


You had 7 spell levels left.
You didn't know any spells.
Your spell library was empty.

Dungeon Overview and Level Annotations

Branches:
Dungeon (4/15)
 Temple: D:4-7

Altars:
Fedhas
Trog

Shops:
D:4 *


Message History

You miss Raviolo's ghost.
Raviolo's ghost is severely damaged.
Raviolo's ghost hits you but does no damage.
You hit Raviolo's ghost.
Lightning courses through Raviolo's ghost!
You destroy Raviolo's ghost!
You barely miss the kobold.
You feel less wooden.
Your +0 hat unmelds from your body.
The cursed +1 robe of Mirth {rF+ Dex+2} unmelds from your body.
The kobold zaps a wand.
The bolt of acid hits the kobold!!
The kobold is splashed with acid.
The acid corrodes the kobold!
The kobold dies!
The bolt of acid hits you! The acid corrodes you!
You are splashed with acid!
Evoke which item? (* to show all) (? for menu, Esc to quit)
Okay, then.
The kobold zaps a wand.
The bolt of acid hits you!!
* * * LOW HITPOINT WARNING * * *
You are splashed with acid!
You die...

#.# #...............# #.#
#...............# #.#
########........# #.#
#........# #.# #......#####
#.#### ####..##≈⌠≈## #⌠.⌠.#
#..#.K...#
##.∩..#############K.'.###..#
#.⌠.⌠........@.).KKK.'....."#
####################.'.###.?#
#.#.....# #.##≈⌠≈## #..#####
####


You could see 4 kobolds.

Vanquished Creatures
  The ghost of Raviolo the Sneak, an amateur SpEn of the Shining One (D:4)
  Edmund (D:4)
  2 ogres (D:4)
  2 big kobolds (D:4)
  A bullfrog (D:3)
  A scorpion (D:4)
  A gnoll shaman (D:4)
  Jessica (D:2)
  2 worker ants (D:4)
  6 gnolls
  6 adders
  An ooze (D:2)
  2 worms (D:2)
  An adder skeleton (D:4)
  A dart slug (D:2)
  2 leopard geckos (D:3)
  6 orcs
  2 ball pythons (D:3)
  9 bats
  5 giant cockroaches
  14 goblins
  11 hobgoblins
  4 jackals (D:4)
  10 kobolds
  6 frilled lizards
  6 rats
104 creatures vanquished.

Vanquished Creatures (others)
  A kobold (D:4)
  A fungus (D:4)
  3 plants (D:4)
5 creatures vanquished.

Grand Total: 109 creatures vanquished

Notes
Turn   | Place    | Note
-------+----------+-------------------------------------------
     0 | D:1      | Amplified the Human Wanderer began the quest for the Orb.
     0 | D:1      | Amplified set off with the following items: a +2 hand
                  | crossbow, 23 bolts, 2 potions of lignification, a +0 robe,
                  | a ration
     0 | D:1      | Reached XP level 1. HP: 15/15 MP: 1/1
    84 | D:1      | Reached XP level 2. HP: 21/21 MP: 2/2
   396 | D:1      | Reached XP level 3. HP: 27/27 MP: 3/3
   703 | D:2      | Noticed Jessica
   706 | D:2      | Killed Jessica
   706 | D:2      | Reached XP level 4. HP: 33/33 MP: 4/4
  1262 | D:2      | Reached XP level 5. HP: 32/39 MP: 5/5
  1556 | D:3      | Noticed a bullfrog
  1561 | D:3      | Killed a bullfrog
  1561 | D:3      | Reached skill level 5 in Armour
  1561 | D:3      | Reached XP level 6. HP: 36/47 MP: 6/6
  1827 | D:3      | Found a blossoming altar of Fedhas.
  2246 | D:4      | Noticed an ogre
  2250 | D:4      | Killed an ogre
  2258 | D:4      | Found a runed translucent gate.
  2268 | D:4      | Found a runed translucent gate.
  2269 | D:4      | Found a runed translucent gate.
  2273 | D:4      | Noticed Raviolo's ghost (amateur SpEn)
  2295 | D:4      | Found Quosk's General Store.
  2325 | D:4      | Noticed an ogre
  2330 | D:4      | Killed an ogre
  2330 | D:4      | Reached XP level 7. HP: 54/54 MP: 7/7
  2415 | D:4      | Got an encrusted whip
  2416 | D:4      | Identified the +3 whip of Doom {elec, +Rage rC++} (You
                  | found it on level 4 of the Dungeon)
  2432 | D:4      | Found a bloodstained altar of Trog.
  2506 | D:4      | Noticed Edmund
  2517 | D:4      | Killed Edmund
  2517 | D:4      | Reached skill level 1 in Maces & Flails
  3024 | D:4      | Reached skill level 5 in Fighting
  3024 | D:4      | Reached XP level 8. HP: 57/62 MP: 8/8
  3189 | D:4      | Got a transparent robe
  3200 | D:4      | Identified the cursed +1 robe of Mirth {rF+ Dex+2} (You
                  | found it on level 4 of the Dungeon)
  3433 | D:4      | Killed Raviolo's ghost
  3435 | D:4      | Splashed by a kobold's acid

Skill      XL: |  1  2  3  4  5  6  7  8 |
---------------+-------------------------+-----
Fighting       | 2 3 4 5 |  5.8
Crossbows      | 3 4 |  4.5
Armour         | 5 |  5.8
Maces & Flails | 2 3 |  3.7
Axes           | |  1.0
Shields        | |  2.0

Action                   |  1- 3 |  4- 6 |  7- 9 || total
-------------------------+-------+-------+-------++-------
Melee: Whip              |       |       |    80 ||    80
 Fire: Hand crossbow     |    65 |   103 |    16 ||   184
       Blowgun           |       |     4 |       ||     4
  Use: Scroll            |     1 |     2 |     2 ||     5
       Potion            |       |       |     4 ||     4
  Eat: Chunk             |       |     4 |     3 ||     7
Armor: Robe              |     9 |     3 |     9 ||    21
       Skin              |       |       |    21 ||    21
Dodge: Dodged            |    17 |    21 |    66 ||   104
